 Dungeon Crawl Stone Soup version 0.17-a0-2127-g1cb09f6 (webtiles) character file.

401 tp1 the Conjurer (level 6, -4/32 HPs)
             Began as a Deep Elf Conjurer on Oct 23, 2015.
             Was an Initiate of Vehumet.
             Shot with an arrow by a centaur (15 damage)
             ... on level 5 of the Dungeon.
             The game lasted 00:22:55 (5448 turns).

tp1 the Conjurer (Deep Elf Conjurer)                Turns: 5448, Time: 00:22:55

Health: -4/32      AC:  7    Str:  6    XL:     6   Next: 54%
Magic:  4/14       EV: 15    Int: 23    God:    Vehumet [......]
Gold:   186        SH:  0    Dex: 18    Spells: 4 memorised, 2 levels left

rFire  . . .     SeeInvis .     f - +3 quarterstaff
rCold  . . .     Clarity  .     v - +4 robe of Theory {Int+2 Dex+3}
rNeg   . . .     SustAt   .     (no shield)
rPois  .         Gourm    .     (no helmet)
rElec  .         Spirit   .     (no cloak)
rCorr  .         Warding  .     (no gloves)
rMut   .         Stasis   .     r - +0 pair of boots
MR     .....                    (no amulet)
Stlth  ++........               (no ring)
                                (no ring)

@: very slightly contaminated, not resistant to hostile enchantments, unstealthy
A: no striking features
a: Renounce Religion


You were on level 5 of the Dungeon.
You worshipped Vehumet.
Vehumet was noncommittal.
You were hungry.

You visited 2 branches of the dungeon, and saw 6 of its levels.

You collected 186 gold pieces.

Inventory:

Hand Weapons
 f - a +3 quarterstaff (weapon)
 q - a +0 short sword of protection
Armour
 a - a +0 robe
 m - a +0 buckler
 n - a +0 leather armour
 p - a +0 leather armour
 r - a +0 pair of boots (worn)
 u - a +2 robe of magic resistance
 v - the +4 robe of Theory (worn) {Int+2 Dex+3}
   (You found it on level 5 of the Dungeon)

   It affects your intelligence (+2).
   It affects your dexterity (+3).
Wands
 x - a wand of disintegration (11)
Scrolls
 i - 2 scrolls of identify
 j - 2 scrolls of enchant armour
 k - a scroll of noise
 l - a scroll of teleportation
Potions
 e - a potion of degeneration {unknown}
 h - 3 potions of curing {unknown}
 o - a potion of ambrosia {unknown}
 s - a potion of brilliance {unknown}
 t - a potion of resistance {unknown}
Books
 b - a book of Conjurations

   Spells                             Type                      Level
   a - Magic Dart                     Conjuration                  1
   b - Searing Ray                    Conjuration                  2
   c - Dazzling Spray                 Conjuration/Hexes            3
   d - Fulminant Prism                Conjuration/Hexes            4
   e - Iskenderun's Mystic Blast      Conjuration                  4
   f - Iskenderun's Battlesphere      Conjuration/Charms           5
Comestibles
 c - 2 bread rations
 d - 4 fruits
 g - 4 meat rations
 w - 2 chunks of flesh


   Skills:
 - Level 1.0 Armour
 - Level 4.2 Dodging
 - Level 2.4 Stealth
 - Level 1.0 Shields
 + Level 4.0 Spellcasting
 - Level 6.0 Conjurations
 - Level 5.1 Charms


You had 2 spell levels left.
You knew the following spells:

 Your Spells              Type           Power        Failure   Level  Hunger
a - Magic Dart            Conj           ####         1%          1    None
b - Searing Ray           Conj           ####..       1%          2    #......
c - Dazzling Spray        Conj/Hex       ###.....     10%         3    ##.....
d - Iskenderun's Battles  Conj/Chrm      ####....     30%         5    ######.


Dungeon Overview and Level Annotations

Branches:
Dungeon (5/15)             Temple (1/1) D:4

Altars:
Ashenzari
Cheibriados
Dithmenos
Elyvilon
Kikubaaqudgha
Okawaru
Qazlal
Sif Muna
Trog
Vehumet
Xom
Yredelemnul
Zin
The Shining One


Message History

You start resting.
Magic restored.
Found 16 arrows.
You see here 16 arrows.
You now have 186 gold pieces (gained 6).
You see here a short sword.
The centaur is too close now for your liking.
Casting: Magic Dart
Confirm with . or Enter, or press ? or * to list all spells.
You miscast Iskenderun's Battlesphere.
You are very lightly contaminated with residual magic.
The air around you crackles with energy!
The centaur shoots an arrow.
The arrow hits you!
The centaur shoots an arrow.
The arrow hits you!
Casting: Iskenderun's Battlesphere
Confirm with . or Enter, or press ? or * to list all spells.
You conjure a globe of magical energy.
You are feeling hungry.
The centaur shoots an arrow.
The arrow hits you!
You die...

### ..# #.# #.# ######.########
#c...c(.......# ...####......#.#
#..@.###.#.##### #.#*.#
#.#.....#### ###..## #.#..#
#..........# #.....# #.#..#
#######.##.# #......
.....#######.#.##.#
#.....####.#.............#.#
#......) ......######..#.#.##
####......# #.###.#####...#....#
..........###(###.#.....###.#...


You could see a centaur.

Vanquished Creatures
  A phantom (D:4)
  An orc wizard (D:3)
  An iguana (D:4)
  Jessica (D:3)
  A hound (D:5)
  3 worker ants
  3 adders
  An ooze (D:1)
  4 worms
  2 giant geckos
  7 orcs
  10 bats
  9 hobgoblins
  8 jackals
  2 quokkas (D:3)
  3 ball pythons
  6 giant cockroaches
  10 giant newts (D:1)
  5 goblins
  9 kobolds
  A quokka zombie (D:5)
  6 rats
94 creatures vanquished.

Notes
Turn   | Place    | Note
--------------------------------------------------------------
     0 | D:1      | tp1 the Deep Elf Conjurer began the quest for the Orb.
     0 | D:1      | Reached XP level 1. HP: 10/10 MP: 6/6
   194 | D:1      | Reached XP level 2. HP: 15/15 MP: 4/8
   737 | D:1      | Reached XP level 3. HP: 19/19 MP: 1/9
  1850 | D:2      | Reached skill level 1 in Armour
  1894 | D:2      | Found a deep blue altar of Sif Muna.
  2356 | D:2      | Reached XP level 4. HP: 24/24 MP: 8/10
  2366 | D:2      | Found a deep blue altar of Sif Muna.
  2606 | D:3      | Reached skill level 5 in Conjurations
  2642 | D:3      | Found a glowing golden altar of the Shining One.
  2661 | D:3      | Found a shattered altar of Ashenzari.
  2678 | D:3      | Found a shadowy altar of Dithmenos.
  3119 | D:3      | Reached XP level 5. HP: 28/28 MP: 5/11
  3120 | D:3      | Reached skill level 6 in Conjurations
  3183 | D:3      | Noticed Jessica
  3188 | D:3      | Learned a level 2 spell: Searing Ray
  3192 | D:3      | Learned a level 3 spell: Dazzling Spray
  3198 | D:3      | Killed Jessica
  3198 | D:3      | Reached skill level 1 in Shields
  3238 | D:3      | Found a bloodstained altar of Trog.
  3483 | D:3      | Found a glowing golden altar of the Shining One.
  3489 | D:3      | Found a shattered altar of Ashenzari.
  3495 | D:3      | Found a shadowy altar of Dithmenos.
  3618 | D:3      | Found a bloodstained altar of Trog.
  3674 | D:4      | Found a staircase to the Ecumenical Temple.
  3684 | Temple   | Entered the Ecumenical Temple
  3722 | Temple   | Became a worshipper of Vehumet
  3803 | D:4      | Noticed an angel
  3805 | D:4      | Found a shimmering altar of Xom.
  3807 | D:4      | Found a glowing silver altar of Zin.
  3906 | D:4      | Learned a level 5 spell: Iskenderun's Battlesphere
  4084 | D:4      | Found a basalt altar of Yredelemnul.
  4133 | D:4      | Reached skill level 1 in Charms
  4266 | D:4      | Noticed a phantom
  4525 | D:4      | Killed a phantom
  4525 | D:4      | Reached XP level 6. HP: 28/32 MP: 3/14
  4533 | D:5      | Entered Level 5 of the Dungeon
  4679 | D:5      | Got an ominously black robe
  4704 | D:5      | Identified the +4 robe of Theory {Int+2 Dex+3} (You found it on level 5 of the Dungeon)
  4776 | D:5      | Got a translucent chain mail
  4787 | D:5      | Identified the +5 chain mail of the Loofah {+Fly Dex+3} (You found it on level 5 of the Dungeon)
  5080 | D:5      | Reached skill level 5 in Charms
  5448 | D:5      | Shot with an arrow by a centaur

Vault maps used:
D:1:      dpeg_arrival_circle_labyrinth_c, minmay_newt_pond
D:2:      nicolae_overflow_hidden_temple
D:3:      gammafunk_temple_overflow_forgotten, lemuel_doored_altar, first_bread,
          uniq_jessica
D:4:      grunt_temple_overflow_order_and_chaos_1,
          lemuel_coloured_pillars_altar, temple_fountains
D:5:      serial_bayou_lagoon_a, lightli_church_of_beogh
Temple:   circular_temple_6

Action                   |  1- 3 |  4- 6 || total
-------------------------+-------+-------++-------
Melee: Quarterstaff      |       |     5 ||     5
 Cast: Magic Dart        |   105 |   119 ||   224
       Searing Ray       |       |     8 ||     8
       Dazzling Spray    |       |     1 ||     1
       Iskenderun's Batt |       |     7 ||     7
  Use: Scroll            |       |     5 ||     5
  Eat: Chunk             |     4 |     8 ||    12
       Bread ration      |       |     1 ||     1
